← All builds
Pond / Armada / Economy first / OBSERVED BUILD

Standard pond

Armada Pond build order · Supreme Isthmus

Economy-first Pond with Bot Lab and Tidal boosting for allies, sending units front and teching into Advanced Metal Extractor as usual.

#eco #team support · 297 distinct matches · 131 players · 15% of Armada Pond games · team won 46% of 304 · Recently observed

HOW TO PLAY IT

Key timing: Bot Lab by 3:41

  1. Drop tidal and wind turbines fast to start boosting the fronts.
  2. Add mex and keep wind count above 10 for boost.
  3. Put down the bot lab and start pushing basic bots to front.
  4. Open a second bot lab and keep feeding units forward.
  5. Transition into T2 with an advanced mex and switch army to Tick/Pawn/Blitz.

Phase by phase

TYPICAL OF ITS 297 GAMES
  1. 1
  2. 2
  3. 3
PLAY THE OPENING

Follow the example game's first 6:00 step by step: what to build now, what comes next, and where it goes. At 1× it keeps pace with your own game.

  1. 1

    Up to the Bot Lab

    Economy
    • Metal Extractor4Mex
    • Tidal Generator8Tidalfor allies
    • Wind Turbine4Wind
    • Tidal Generator1Tidal
    • Energy Storage1Energy storage
    Order
    1. Bot LabBot Lab after 4 mex, 4 wind, 1 tidaldone ~3:38, middle half 3:12–5:00

    By 3:21 in all: 4 mex · 4 wind · 1 tidal · 1 energy storage

    The example game in this phase · 6 steps
    1. Tidal ×8for Suicide front
    2. Tidal
    3. Wind
    4. Mex ×4
    5. Wind ×2
    6. Bot LabBot Labdone 3:16 · typical 3:38
  2. 2

    Bot Lab to 5:00

    Economy
    • Wind Turbine2Wind
    Builders
    • Construction Bot2 Con bot

    Some games also: Lazarus (44%) · con turret (44%) · converter (34%)

    By 5:00 in all: 4 mex · 9 wind · 1 tidal · 1 converter · 1 energy storage · 1 con turret

    The example game in this phase · 14 steps
    1. Construction BotCon bot ×3
    2. LazarusLazarus
    3. Energy storage
    4. Wind
    5. Con turret
    6. LazarusLazarus
    7. Wind ×3
    8. Con turret
    9. Bot LabEat Bot Labreclaimed for its metal
    10. Wind ×5
    11. Energy storage
    12. Converter
    13. Wind ×2
    14. Converter
  3. 3

    5:00 to 10:00

    Economy
    • Wind Turbine28Wind
    • Energy Converter6Converter
    Builders
    • Construction Turret1 Con turret

    Some games also: con bot (49%) · tick (42%) · pawn (34%) · eat Bot Lab (49%)

    By 10:00 in all: 4 mex · 38 wind · 1 tidal · 9 converter · 1 energy storage · 3 con turret

    The example game in this phase · 67 steps
    1. Converter
    2. Wind ×3
    3. Converter
    4. Wind ×2
    5. Converter
    6. Wind ×4
    7. Converter
    8. Wind ×4
    9. Converter
    10. Wind ×3
    11. NettleNettle
    12. Wind ×3
    13. Converter
    14. Wind ×3
    15. Con turret
    16. Converter
    17. Wind ×7
    18. Vehicle PlantVehicle Plantdone 6:50
    19. Converter
    20. Wind ×3
    21. BlitzBlitz
    22. Converter
    23. Wind ×2
    24. BlitzBlitz
    25. Wind ×2
    26. BlitzBlitz
    27. Wind
    28. Converter
    29. BlitzBlitz
    30. Wind
    31. Converter
    32. BlitzBlitz
    33. Converter ×3
    34. Con turret
    35. RocketeerRocketeer
    36. RoverScout
    37. Advanced Metal ExtractorT2 mexdone 8:41 · typical 9:03
    38. RoverScout ×6
    39. SentrySentry
    40. RoverScout ×2
    41. Advanced Metal ExtractorT2 mex
    42. RoverScout ×7
    43. Advanced Metal ExtractorT2 mex
    44. RoverScout ×16
    45. BlitzBlitz ×6
    46. Advanced Metal ExtractorT2 mex
    47. BlitzBlitz ×6
    48. Con turret
    49. BlitzBlitz ×4
    50. ShipyardShipyardnot finished by 15:00
    51. BlitzBlitz ×6
    52. Radar TowerRadar Tower
    53. BlitzBlitz ×7
    54. Fusion ReactorFusiondone 12:38
    55. BlitzBlitz ×4
    56. Fusion ReactorFusion
    57. BlitzBlitz ×5
    58. T2 converter
    59. BlitzBlitz
    60. Mexfor Suicide front
    61. BlitzBlitz
    62. Con turret ×2
    63. Converter
    64. Fusion ReactorFusion
    65. Converter ×2
    66. Mex
    67. SentrySentry

Counts are medians over the build's games: half of them build more, half fewer. The example game is WildesPony8's (31 OS, 08/10/2026); pick another.

Team trades

IN AT LEAST 30% OF ITS GAMES

You hand over

  • Tidal Generator8 Tidal to Suicide front or Frontfirst at 0:11 · in 94% of games

You get

  • Advanced Construction Bot1 T2 con bot from Techfirst at 7:36 · in 84% of games

How it plays out

Typical game of this build, running totals by minute

Metal produced

010k20k30k
0:005:0010:0015:00

metal

Enemy metal destroyed

01k2k3k
0:005:0010:0015:00

metal

Own metal lost

02k4k
0:005:0010:0015:00

metal

304 games.

Show as table
ByMetal produced: This buildEnemy metal destroyed: This buildOwn metal lost: This build
1:0011500
2:0026800
3:0079900
4:00147300
5:00218500
6:00299500
7:003910210
8:004948170117
9:006223379316
10:007705611552
11:009645842855
12:001205211691289
13:001453815531876
14:001742721342535
15:002018825993249
WHAT THE NUMBERS SAY

This is the role's baseline line, winning under half its games with mid economy and modest kills versus losses by 15:00.

  • + Reaches T2 constructor by 8:09 in 91% of games, a reliable tempo.
  • − Team wins only 46% of games, no edge over the role's norm.
THE EXAMPLE YOU ARE READING

WildesPony8

30.9 OS · 08/10/2026

Open source match ↗

1 received units · includes a constructor
189 metal received · 57498 energy received

Allied construction assistance is unknown. Timings are observations, not a promise of solo reproducibility.

Typical milestones

Bot Lab3:38Middle 50%: 3:12–5:00 · n=277
Advanced Metal Extractor9:03Middle 50%: 7:58–10:04 · n=261

Played most by

EpicTyrannus14games of this buildViltrum13games of this buildzeus_on_god11games of this buildHunfore8games of this build_[BOBO]_7games of this build